 Dungeon Crawl Stone Soup version 0.30-a0-760-g5a9884bb7c (webtiles) character file.

Game seed: 12251874393055052994

397 kae the Changer (level 6, -21/51 HPs)
             Began as a Naga Transmuter on Feb 10, 2023.
             Demolished by an ogre
             ... wielding a +0 giant club
              (35 damage)
             ... on level 4 of the Dungeon.
             The game lasted 00:03:18 (2649 turns).

kae the Changer (Naga Transmuter)                   Turns: 2649, Time: 00:03:18

Health: -21/51     AC:  2    Str: 12    XL:     6   Next: 83%
Magic:  18/20      EV: 19    Int: 15    God:
Gold:   185        SH:  0    Dex: 17    Spells: 1/11 levels left

rFire   . . .      SeeInvis +      - Unarmed
rCold   . . .      Faith    .    (shield currently unavailable)
rNeg    . . .      Spirit   .    (body armour currently unavailable)
rPois   x          Reflect  .    (helmet currently unavailable)
rElec   .          Harm     .    (cloak currently unavailable)
rCorr   .          Rampage  .    (gloves currently unavailable)
Will    .....                    (no barding)
Stlth   ++                       g - amulet of regeneration
HPRegen 1.08/turn                W - ring of magical power
MPRegen 0.17/turn                Z - ring of wizardry

@: spider-form
A: venomous fangs, AC +2, tiny, see invisible, (deformed body), (poison
resistance), (slowness 2), spit poison 1, (naga tail 1)
a: Spit Poison, End Transformation


You were on level 4 of the Dungeon.
You were a venomous arachnid creature.
You visited 1 branch of the dungeon, and saw 4 of its levels.

You collected 185 gold pieces.


Innate Abilities, Weirdness & Mutations

You are a venomous arachnid creature.
You have venomous fangs.
You are tiny and dextrous.
Your spellcasting is less reliable in this form.
Your armour is entirely melded.
You are incapable of wielding weapons or throwing items.
((Your serpentine skin is tough. (AC +2)))
You have supernaturally acute eyesight. (SInv)
((Armour fits poorly on your strangely shaped body.))
((Your system is resistant to poisons. (rPois)))
((You cover ground very slowly.))
You can spit poison.
((You have a snake-like lower body.))


   Skills:
 - Level 1.0 Fighting
 - Level 1.5 Dodging
 + Level 4.1 Unarmed Combat
 + Level 3.4 Spellcasting
 * Level 4.5 Transmutations
 * Level 1.9 Ice Magic
 - Level 3.0 Poison Magic


You had one spell level left.
You knew the following spells:

 Your Spells              Type           Power      Damage    Failure   Level
a - Beastly Appendage     Tmut           32%        N/A       4%          1
b - Wereblood             Tmut           16%        N/A       6%          2
c - Spider Form           Tmut/Pois      13%        N/A       12%         3
d - Ice Form              Ice/Tmut       12%        N/A       34%         4

Your spell library contained the following spells:

 Spells                   Type           Power      Damage    Failure   Level
 Apportation              Tloc           4%         N/A       16%         1
 Necrotise                Necr           8%         1d4       16%         1
 Summon Small Mammal      Summ           8%         N/A       16%         1
 Call Canine Familiar     Summ           2%         N/A       38%         3
 Portal Projectile        Hex/Tloc       4%         N/A       38%         3
 Leda's Liquefaction      Hex/Erth       1%         N/A       71%         4

Inventory:

Missiles
 i - 42 stones
 k - 6 poisoned darts
 o - a silver boomerang
Armour
 a - a +1 robe (melded)
Jewellery
 g - an amulet of regeneration (around neck)
   (You found it on level 1 of the Dungeon)
 z - a ring of wizardry
   (You found it on level 3 of the Dungeon)
 C - a ring of ice
   (You found it on level 1 of the Dungeon)
 S - a +6 ring of strength
   (You found it on level 4 of the Dungeon)
 W - a ring of magical power (left front pincers)
   (You found it on level 2 of the Dungeon)
 Z - a ring of wizardry (right front pincers)
   (You found it on level 2 of the Dungeon)
Scrolls
 e - 2 scrolls of teleportation {@r4}
 f - a scroll of poison
 j - a scroll of enchant weapon {unknown}
 r - a scroll of magic mapping {unknown}
Potions
 b - 2 potions of lignification {!q}
 c - a potion of might {unknown}
 d - a potion of attraction {unknown}
 h - a potion of haste {unknown}
 l - 2 potions of degeneration {!q}
 m - a potion of ambrosia
 n - a potion of heal wounds {unknown}
 p - 2 potions of brilliance {unknown}
 q - 2 potions of mutation {unknown}

Dungeon Overview and Level Annotations

Branches:
Dungeon (4/15) Zot: 20609
 Temple: D:4-7

Altars:

Shops:
D:1

*
#..........##.####)#
#..........##...##.#
########...####.##'##
#..........).#
#............#
##...........#
#...........#
##...........#
#..s.........#
#>.O).........#
#...#########.# #...#
.# #...# . #....
#.... #....


You could see an ogre (extremely poisoned).


Message History

😕 HP[+1]
Your transformation is almost over.
i - 42 stones (gained 4)
l - 2 potions of degeneration {!q} (gained 1)
r - a scroll labelled BUWKUS HAYV You now have 185 gold pieces (gained 15).
Things that are here:
a +0 hand axe; a kobold corpse Your transformation has ended.
Your +1 robe unmelds from your body.
There is an open door here. 😎 HP[+4] MP[+3]
Your hp is fully restored (51).
Your mp is fully restored (20).
Things that are here:
a +0 short sword; a hobgoblin corpse
Found a stone staircase leading up.
Found an escape hatch in the floor.
An orc comes into view. It is wielding a +0 club.
The orc shouts!
You see here a silvery potion.
An orc is nearby!
An orc is nearby!
An orc is nearby!
The orc hits you with a +0 club. 😕 HP[-1]
You take 1 damage, and now have 50/51 hp.
Casting: Spider Form (dangerous; 4% risk of failure)
Confirm with . or Enter, or press ? or * to list all spells.
You turn into a venomous arachnid creature.
Your +1 robe melds into your body.
The orc closely misses you. The orc misses you. 😎 HP[+1] MP[-3]
Your hp is fully restored (51).
You lost 3 mp, and now have 17/20 mp.
You hit the orc but do no damage.
The orc is poisoned.
The orc hits you but does no damage.
You bite the orc!
You kill the orc!
Your transformation is almost over.
S - a +6 ring of strength 😎 MP[+1]
Your transformation has ended.
Your +1 robe unmelds from your body. 😎 MP[+1]
q - 2 silvery potions (gained 1)
A goblin comes into view. It is wielding a +0 dagger.
The goblin shouts! 😎 MP[+1]
Your mp is fully restored (20).
A goblin is nearby!
A goblin is nearby!
A goblin is nearby!
Casting: Spider Form (dangerous; 4% risk of failure)
Confirm with . or Enter, or press ? or * to list all spells.
You turn into a venomous arachnid creature.
Your +1 robe melds into your body.
The goblin hits you with a +0 dagger.
The goblin hits you but does no damage. 😎 MP[-3]
You lost 3 mp, and now have 17/20 mp.
You bite the goblin!
You kill the goblin!
No target in view!
Your transformation is almost over.
Your transformation has ended.
Your +1 robe unmelds from your body. 😎 MP[+2]
You regained 2 mp, and now have 19/20 mp.
An ogre comes into view.
It is wielding a +0 giant club. 😎 MP[+1]
Your mp is fully restored (20).
An ogre is nearby!
Unknown command.
An ogre is nearby!
An ogre is nearby!
The ogre shouts!
Casting: Spider Form (dangerous; 4% risk of failure)
Confirm with . or Enter, or press ? or * to list all spells.
You turn into a venomous arachnid creature.
Your +1 robe melds into your body.
The ogre closely misses you. 😎 MP[-3]
You lost 3 mp, and now have 17/20 mp.
You hit the ogre.
The ogre is poisoned.
You hit the ogre.
The ogre looks as sick as possible!
The ogre hits you with a +0 giant club! 😮 HP[-13]
You take 13 damage, and now have 38/51 hp.
MASSIVE DAMAGE!! (PAUSE)
You barely miss the ogre.
The ogre hits you with a +0 giant club!!
Ouch! That really hurt!
* * * LOW HITPOINT WARNING * * *
😱 HP[-26]
You take 26 damage, and now have 12/51 hp.
MASSIVE DAMAGE!! (PAUSE)
You bite the ogre!
The ogre looks as sick as possible! 😨 HP[+1] MP[+1]
You bite the ogre!
The ogre looks as sick as possible!
The ogre hits you with a +0 giant club!!
Ouch! That really hurt!
You die...

Skill      XL: |  1  2  3  4  5  6 |
---------------+-------------------+-----
Transmutations | 3 4 |  4.5
Poison Magic   | 1 3 |  3.0
Spellcasting   | 3 |  3.4
Ice Magic      | 1 |  1.9
Unarmed Combat | 4 |  4.1
Fighting       | |  1.0
Dodging        | |  1.5

Action                     |  1- 3 |  4- 6 || total
---------------------------+-------+-------++-------
  Melee: Unarmed           |    90 |   113 ||   203
         Headbutt          |    10 |     5 ||    15
         Punch             |     2 |       ||     2
   Cast: Beastly Appendage |    20 |     7 ||    27
         Spider Form       |     1 |    11 ||    12
         Wereblood         |       |     1 ||     1
Ability: Spit Poison       |     2 |     2 ||     4
    Use: Scroll            |     6 |     1 ||     7
         Potion            |       |     1 ||     1
 Armour: Robe              |    13 |     7 ||    20
         Skin              |       |     4 ||     4
  Dodge: Dodged            |    44 |    89 ||   133

Levels and vault maps discovered:
D:1:      spicycebolla_arrival_clurvy, layout_basic, serial_shops,
          nicolae_diamond_shop
D:2:      layout_rooms, shapermc_ecumenical_altar_mp_urbaneastern
D:3:      layout_rooms, kennysheep_generic_room_3
D:4:      layout_basic, minmay_temple_entry_grid, uniq_menkaure

Notes
Turn   | Place    | Note
-------+----------+-------------------------------------------
     0 | D:1      | kae the Naga Transmuter began the quest for the Orb.
     0 | D:1      | Reached XP level 1. HP: 18/18 MP: 3/3
     0 | D:1      | magus.rc [v1.11.3]
   178 | D:1      | Reached XP level 2. HP: 25/25 MP: 3/5
   198 | D:1      | Found Kuvyurai's Assorted Antiques.
   539 | D:1      | You pick up a book of Changes and begin reading...
  1037 | D:2      | Reached XP level 3. HP: 29/31 MP: 4/6
  1041 | D:2      | Learned a level 3 spell: Spider Form
  1044 | D:2      | Learned a level 2 spell: Wereblood
  1251 | D:2      | Found a faded altar of an unknown god.
  1683 | D:3      | Reached skill level 3 in Transmutations
  1683 | D:3      | Reached skill level 1 in Poison Magic
  1683 | D:3      | Reached XP level 4. HP: 28/38 MP: 7/7
  1793 | D:3      | You pick up a book of Cantrips and begin reading...
  1793 | D:3      | You add the spells Necrotise, Summon Small Mammal and
                  | Apportation to your library.
  2074 | D:3      | You pick up a book of the Hunter and begin reading...
  2074 | D:3      | You add the spells Call Canine Familiar, Portal Projectile
                  | and Leda's Liquefaction to your library.
  2245 | D:4      | Reached skill level 2 in Poison Magic
  2274 | D:4      | Noticed Menkaure
  2283 | D:4      | Killed Menkaure
  2284 | D:4      | Reached skill level 3 in Spellcasting
  2284 | D:4      | Reached skill level 3 in Poison Magic
  2284 | D:4      | Reached XP level 5. HP: 24/44 MP: 9/9
  2298 | D:4      | Learned a level 4 spell: Ice Form
  2333 | D:4      | Reached skill level 4 in Transmutations
  2333 | D:4      | Reached skill level 1 in Ice Magic
  2333 | D:4      | Reached XP level 6. HP: 21/51 MP: 10/10
  2386 | D:4      | Reached skill level 4 in Unarmed Combat
  2647 | D:4      | HP: 12/51 [ogre/+0 giant club (27)]
  2649 | D:4      | Demolished by an ogre

Vanquished Creatures
  Menkaure (D:4)
  2 scorpions (D:4)
  2 orc wizards
  3 adders (D:4)
  An ufetubus (D:4)
  3 dart slugs
  13 orcs
  6 ball pythons
  4 endoplasms
  6 hobgoblins
  4 quokkas
  2 bats
  4 frilled lizards
  2 goblins
  7 kobolds
  4 rats
64 creatures vanquished.

Vanquished Creatures (others)
  A fungus (D:2)
  3 plants (D:2)
4 creatures vanquished.

Grand Total: 68 creatures vanquished

Table legend:
 A = Non-vault XP
 B = Vault XP
 C = Vault XP percentage of total XP
 D = Non-vault monster count
 E = Vault monster count
 F = Vault count percentage of total count
                 A         B        C        D         E       F
            +---------+---------+-------+---------+---------+-------
      Total |     399 |     169 |  29.8 |      63 |       1 |   1.6
            +---------+---------+-------+---------+---------+-------
        D:1 |      25 |       0 |   0.0 |      16 |       0 |   0.0
        D:2 |      20 |       0 |   0.0 |      11 |       0 |   0.0
        D:3 |      82 |       0 |   0.0 |      20 |       0 |   0.0
        D:4 |     272 |     169 |  38.3 |      16 |       1 |   5.9
            +---------+---------+-------+---------+---------+-------

Illustrated notes

Table legend:
 A = Kills in this place as a percentage of kills in entire the game.
 B = Kills by you in this place as a percentage of kills by you in the entire game.
 C = Kills by friends in this place as a percentage of kills by friends in the entire game.
 D = Other kills in this place as a percentage of other kills in the entire game.
 E = Experience gained in this place as a percentage of experience gained in the entire game.
 F = Experience gained in this place divided by the number of levels of this place that you have seen.
                   A       B       C       D       E      F
               +-------+-------+-------+-------+-------+----------------------
         Total | 100.0 | 100.0 |   N/A |   N/A | 100.0 | 142.0
       Dungeon | 100.0 | 100.0 |   N/A |   N/A | 100.0 | 142.0
               +-------+-------+-------+-------+-------+----------------------

Table legend: (Time is in decaauts)
 A = Elapsed time spent in this place.
 B = Non-inter-level travel time spent in this place.
 C = Inter-level travel time spent in this place.
 D = Time resting spent in this place.
 E = Time spent auto-exploring this place.
 F = Levels seen in this place.
 G = Mean time per level.
                   A        B        C        D        E       F      G
               +--------+--------+--------+--------+--------+-----+--------+
         Total |   3389 |   3258 |    131 |     36 |   2657 |   4 |  847.2 |
       Dungeon |   3389 |   3258 |    131 |     36 |   2657 |   4 |  847.2 |
               +--------+--------+--------+--------+--------+-----+--------+

Top non-repeatable levels by time:
     D:1: 1133 daAuts
     D:2: 882 daAuts
     D:3: 834 daAuts
     D:4: 538 daAuts
